 Dungeon Crawl Stone Soup version 0.27.1-3-gb3d3a73c9e (webtiles) character file.

Game seed: 8959244418413154588

2407 Gynju the Covert (level 9, -10/55 HPs)
             Began as a Kobold Enchanter on Oct 16, 2021.
             Was a Follower of Dithmenos.
             Mangled by a troll (15 damage)
             ... on level 6 of the Dungeon.
             The game lasted 00:15:33 (7891 turns).

Gynju the Covert (Kobold Enchanter)                 Turns: 7891, Time: 00:15:34

Health: -10/55     AC:  9    Str:  6    XL:     9   Next: 75%
Magic:  22/25      EV: 18    Int: 19    God:    Dithmenos [*.....]
Gold:   392        SH:  0    Dex: 18    Spells: 15/18 levels left

rFire    . . .     SeeInvis +   r - +12 long sword "Ysennue" {pain, rC+ rN+ Int+3 SInv}
rCold    + . .     Faith    .   (shield restricted)
rNeg     + . .     Spirit   .   o - +0 steam dragon scales
rPois    .         Reflect  .   (no helmet)
rElec    .         Harm     .   (no cloak)
rCorr    .         Rampage  .   (no gloves)
Will     .....                  (no boots)
Stlth    ++++++....             (no amulet)
HPRegen  0.18/turn              k - +4 ring of protection
MPRegen  0.19/turn              l - ring of magical power

@: wreathed by umbra
A: small, no large weapons, nightstalker 3
a: Renounce Religion


You were on level 6 of the Dungeon.
You worshipped Dithmenos.
Dithmenos was aware of your devotion.
You visited 1 branch of the dungeon, and saw 6 of its levels.

You collected 392 gold pieces.

Inventory:

Hand Weapons
 a - a +2 dagger
 r - the +12 long sword "Ysennue" (weapon) {pain, rC+ rN+ Int+3 SInv}
   (You found it on level 4 of the Dungeon)

   In the hands of one skilled in necromantic magic, it inflicts extra damage on
   living creatures.
   Int:       It affects your intelligence (+3).
   rC:        It protects you from cold.
   rN:        It protects you from negative energy.
   SInv:      It lets you see invisible.
Missiles
 c - 212 stones
 m - 17 poisoned darts (quivered)
Armour
 o - +0 steam dragon scales (worn)
Jewellery
 b - a ring of flight
 i - a ring of wizardry
 k - a +4 ring of protection (left hand)
 l - a ring of magical power (right hand)
 A - a ring of see invisible
Wands
 y - a wand of polymorph (7)
Scrolls
 d - a scroll of blinking {unknown}
 h - 3 scrolls of teleportation
 p - a scroll of noise
Potions
 e - a potion of might {unknown}
 f - 3 potions of attraction
 g - a potion of mutation {unknown}
 j - 3 potions of curing
 n - 2 potions of magic {unknown}
 u - a potion of resistance {unknown}
 v - a potion of lignification {unknown}
 z - 2 potions of haste {unknown}
 B - a potion of flight {unknown}


   Skills:
 + Level 6.1 Fighting
 - Level 1.3(4.6) Short Blades
 + Level 4.3(4.4) Long Blades
 + Level 6.9 Dodging
 - Level 8.2 Stealth
 - Level 5.0 Spellcasting
 - Level 5.0 Hexes
 - Level 0.1 Ice Magic


You had 15 spell levels left.
You knew the following spells:

 Your Spells              Type           Power      Damage    Failure   Level
a - Corona                Hex            25%        N/A       1%          1
b - Ensorcelled Hibernat  Hex/Ice        28%        N/A       7%          2

Your spell library contained the following spells:

 Spells                   Type           Power      Damage    Failure   Level
 Slow                     Hex            23%        N/A       2%          2
 Confusing Touch          Hex            23%        N/A       4%          3
 Tukima's Dance           Hex            23%        N/A       4%          3
 Dazzling Flash           Conj/Hex       28%        N/A       13%         3
 Animate Dead             Necr           2%         N/A       77%         4
 Yara's Violent Unravell  Hex/Tmut       7%         3d5       77%         5
 Iskenderun's Battlesphe  Conj           4%         2d6       98%         5
 Iron Shot                Conj/Erth      2%         9d2       100%        6
 Haunt                    Necr/Summ      2%         N/A       100%        7
 Spellforged Servitor     Conj/Summ      2%         N/A       100%        7
 Infestation              Necr           2%         N/A       100%        8


Dungeon Overview and Level Annotations

Branches:
Dungeon (6/15)
 Temple: D:4-7

Altars:
Ashenzari
Dithmenos

Shops:
D:2 =   D:4 *

Annotations:
D:6 1 runed translucent door, doomsgape's ghost, novice TrTm


Innate Abilities, Weirdness & Mutations

You are small and have problems with some larger weapons.
You are completely attuned to the shadows.


Message History

You miscast Ensorcelled Hibernation.
You are very lightly contaminated with residual magic.
Nothing appears to happen.
The troll misses you. The troll closely misses you.
The troll barely misses you.
Casting: Ensorcelled Hibernation (safe; 7% risk of failure)
Confirm with . or Enter, or press ? or * to list all spells.
Aiming: Ensorcelled Hibernation (safe; 7% risk of failure)
Press: ? - help, Shift-Dir - straight line, f/p - troll
Aim: a troll (chance to affect: 45%)
The troll looks drowsy...
The helpless troll fails to defend itself.
You hit the troll.
The troll is lightly wounded.
The troll closely misses you. The troll misses you.
The troll closely misses you.
You hit the troll but do no damage.
The troll is lightly wounded.
The troll completely misses you. The troll barely misses you.
The troll completely misses you.
You slash the troll!
The troll is moderately wounded.
The troll barely misses you. The troll claws you! The troll misses you.
You closely miss the troll.
The troll is moderately wounded.
The troll closely misses you. The troll completely misses you.
The troll barely misses you.
You slash the troll!
The troll is heavily wounded.
The troll bites you! The troll claws you.
* * * LOW HITPOINT WARNING * * *
The troll claws you.
* * * LOW HITPOINT WARNING * * *
The troll barely misses you. The troll claws you but does no damage.
The troll claws you!
* * * LOW HITPOINT WARNING * * *
Your magical contamination has completely faded away.
Okay, then.
You are no longer corroded.
The troll bites you!
You die...

#.#...#.###.......# #.
*.......###.#######*#####
#. *...........# *,,,...#
#. *........##.#
*,*###.###. *...........#
*,*#....... *##...#######
#,*#.#.###. #.....#
#.##.#.# ## #.###.# #####
#......# # #.* #.###.@.##
*###.### *,* #..#.T#..##
#...# ## *,* ##...###..#
#...# #. #,*
##.l##,##.#####...## #.
#.*##..5.#.#...†#......#
#.
#.##..#.##.##.#...##.#.#
#.
#....##'#...####..##.#.#
#.
#...##?.Z.5..,,##.##.#.#
#.
#.#..####...####.)##.#.#
#.


You could see a troll, an iguana and a shadow imp.

Vanquished Creatures
  Pikel (D:4)
  A hornet (D:6)
  A vampire (D:6)
  A wraith (D:6)
  A steam dragon (D:6)
  Edmund (D:5)
  A water moccasin (D:6)
  A sky beast (D:6)
  2 ogres
  A phantom (D:6)
  3 lemures
  A scorpion (D:3)
  A wyvern skeleton (D:6)
  A howler monkey (D:5)
  2 hounds
  3 jellies
  Jessica (D:3)
  A scorpion zombie (D:5)
  Natasha (thrice) (D:3)
  Terence (D:2)
  An iguana (D:4)
  A killer bee zombie (D:6)
  3 gnolls (D:3)
  13 adders
  4 shadow imps
  2 worms (D:2)
  3 dart slugs
  An orc (D:3)
  5 endoplasms
  3 giant cockroaches
  8 goblins
  8 hobgoblins
  7 jackals (D:1)
  3 quokkas
  6 ball pythons
  6 bats
  3 frilled lizards
  8 kobolds
  3 rats
116 creatures vanquished.

Vanquished Creatures (others)
  A fungus (D:2)
  5 plants (D:1)
  6 toadstools (D:2)
  2 withered plants (D:6)
14 creatures vanquished.

Grand Total: 130 creatures vanquished

Notes
Turn   | Place    | Note
-------+----------+-------------------------------------------
     0 | D:1      | Gynju the Kobold Enchanter began the quest for the Orb.
     0 | D:1      | Reached XP level 1. HP: 10/10 MP: 3/3
   505 | D:1      | Reached XP level 2. HP: 6/15 MP: 3/5
   508 | D:1      | Learned a level 2 spell: Ensorcelled Hibernation
  1036 | D:1      | Reached XP level 3. HP: 19/19 MP: 6/6
  1112 | D:1      | Reached skill level 5 in Stealth
  2063 | D:2      | Noticed Terence
  2138 | D:2      | Reached XP level 4. HP: 24/24 MP: 7/7
  2155 | D:2      | Killed Terence
  2196 | D:2      | Found Natuvu Girr's Jewellery Shoppe.
  2230 | D:2      | Found a faded altar of an unknown god.
  2320 | D:2      | Reached XP level 5. HP: 28/28 MP: 9/9
  2406 | D:2      | Reached skill level 6 in Stealth
  3211 | D:3      | Noticed Natasha
  3215 | D:3      | Killed Natasha
  3216 | D:3      | Reached skill level 7 in Stealth
  3216 | D:3      | Reached XP level 6. HP: 33/33 MP: 10/10
  3252 | D:3      | Noticed Natasha
  3257 | D:3      | Killed Natasha
  3301 | D:3      | Found a shadowy altar of Dithmenos.
  3306 | D:3      | Became a worshipper of Dithmenos the Shadowed
  3430 | D:3      | Noticed Jessica
  3439 | D:3      | Killed Jessica
  3479 | D:3      | Noticed Natasha
  3486 | D:3      | Killed Natasha
  4199 | D:3      | Reached skill level 8 in Stealth
  4602 | D:4      | Reached XP level 7. HP: 37/37 MP: 12/12
  4684 | D:4      | Found Jegg's Neck Hole.
  4741 | D:4      | Identified the +12 long sword "Ysennue" {pain, rC+ rN+
                  | Int+3 SInv}
  4989 | D:4      | Reached skill level 1 in Fighting
  5707 | D:5      | Entered Level 5 of the Dungeon
  5884 | D:5      | Reached * piety under Dithmenos
  5919 | D:5      | Found a broken altar of Ashenzari.
  5923 | D:5      | Noticed Edmund
  5933 | D:5      | Killed Edmund
  5934 | D:5      | Reached skill level 1 in Long Blades
  6114 | D:5      | Reached XP level 8. HP: 42/44 MP: 14/14
  6212 | D:5      | Reached skill level 5 in Hexes
  6224 | D:5      | Noticed Pikel
  6549 | D:4      | Killed Pikel
  6550 | D:4      | Reached skill level 5 in Spellcasting
  6879 | D:6      | Found a runed translucent door.
  6879 | D:6      | Noticed doomsgape's ghost (novice TrTm)
  6954 | D:6      | Reached skill level 5 in Dodging
  7009 | D:6      | Reached XP level 9. HP: 52/52 MP: 16/16
  7099 | D:6      | Reached skill level 5 in Fighting
  7160 | D:6      | Noticed a hornet
  7785 | D:6      | Killed a hornet
  7873 | D:6      | Noticed a troll
  7891 | D:6      | Mangled by a troll

Illustrated notes

Levels and vault maps discovered:
D:1:      eino_arrival_water_cross, layout_loops_ring
D:2:      layout_loops_cross, serial_shops, shop,
          chequers_ecumenical_altar_grove, minmay_gold_behind_fungi,
          minmay_misc_feat_tower, uniq_terence
D:3:      layout_basic, mainiacjoe_overflow_surrounded_room, uniq_jessica,
          uniq_natasha
D:4:      layout_loops_ring, serial_rivers, chequers_serial_rivers_micro_e,
          chequers_serial_rivers_micro_e, chequers_serial_rivers_small_3,
          chequers_serial_rivers_small_3, nicolae_shop_sticking_my_neck_out
D:5:      layout_rooms, amcnicky_altar_gilded, minmay_holes, glass_columns_c,
          minmay_misc_feat_room, hangedman_decor_riveting, uniq_edmund,
          uniq_pikel
D:6:      layout_loops_cross, gammafunk_ghost_grave,
          minmay_fractal_squares_gapless_5

Skill      XL: |  1  2  3  4  5  6  7  8  9 |
---------------+----------------------------+-----
Stealth        | 5 7 8 |  8.2
Spellcasting   | 3 4 5 |  5.0
Hexes          | 4 5 |  5.0
Fighting       | 2 4 6 |  6.1
Dodging        | 3 5 6 |  6.9
Long Blades    | 1 3 4 |  4.3
Short Blades   | |  1.3
Ice Magic      | |  0.1

Action                   |  1- 3 |  4- 6 |  7- 9 || total
-------------------------+-------+-------+-------++-------
Melee: Dagger            |   104 |   102 |    19 ||   225
       Long sword        |       |       |   135 ||   135
Throw: Dart              |       |       |     2 ||     2
 Cast: Corona            |     3 |       |     1 ||     4
       Ensorcelled Hiber |    11 |    27 |     8 ||    46
  Use: Potion            |       |     1 |       ||     1
       Scroll            |       |       |    10 ||    10
 Stab: Sleeping          |    20 |    26 |    19 ||    65
Armor: Robe              |    24 |    23 |    18 ||    65
       Steam dragon scal |       |       |     6 ||     6
Dodge: Dodged            |   100 |    85 |   144 ||   329
       Rpst.: Long sword |       |       |    32 ||    32
